[Event "Titled Tuesday Blitz March 01 Early 2022"]
[White "Goltseva, Ekaterina"]
[Black "Jarocka, Liwia"]
[WhiteFideId "24173770"]
[BlackFideId "21807558"]
[WhiteElo "2140"]
[BlackElo "1896"]
[Result "1-0"]
[Round "06"]
[TimeControl "180+1"]
[Date "2022.03.01"]
[WhiteClock "0:00:24"]
[BlackClock "0:01:02"]

1. d4 Nf6 2. c4 c5 3. d5 d6 4. Nc3 g6 5. e4 Bg7 6. Bd3 O-O 7. Nf3 a6 8. h3 e6 9. a4 exd5 10. exd5 Re8+ 11. Be3 Nh5 12. O-O f5 13. Bg5 Bf6 14. Qd2 Bxg5 15. Nxg5 Ng7 16. Rae1 Bd7 17. Bc2 a5 18. Nb5 Bxb5 19. axb5 Nd7 20. Ne6 Nxe6 21. dxe6 Nb6 22. Bd1 Qe7 23. Qd3 Rad8 24. Bf3 a4 25. Bd5 Rb8 26. Qf3 Kg7 27. Kh1 Qf6 28. Re2 Qe7 29. Qc3+ Qf6 30. Qa5 Nxd5 31. cxd5 b6 32. Qxa4 f4 33. f3 Ra8 34. Qc4 Re7 35. Rfe1 g5 36. b4 Ra4 37. Rb1 Qf5 38. Reb2 Rea7 39. Qc3+ Qf6 40. Qxf6+ Kxf6 41. bxc5 bxc5 42. b6 Rb7 43. Rd2 Ra6 44. Rdb2 Ke5 45. Re1+ Kf6 46. Reb1 Ke5 47. Re1+ Kf6 48. e7 1-0


[Site "https://www.chess.com"]

[Event "Titled Tuesday Blitz March 01 Early 2022"]
[White "Golubenko, Valentina"]
[Black "Romanchuk, Viktor"]
[WhiteFideId "4501993"]
[BlackFideId "14109271"]
[WhiteElo "2164"]
[BlackElo "2242"]
[Result "0-1"]
[Round "06"]
[TimeControl "180+1"]
[Date "2022.03.01"]
[WhiteClock "0:00:04"]
[BlackClock "0:00:16"]

1. d4 d5 2. g3 Nf6 3. Bg2 c5 4. dxc5 e6 5. Nf3 Bxc5 6. O-O Nc6 7. c4 dxc4 8. Qc2 O-O 9. Qxc4 Qe7 10. Bg5 Bd7 11. Bxf6 gxf6 12. Nc3 Rac8 13. Qh4 Ne5 14. Ne4 Nxf3+ 15. Bxf3 Kg7 16. Rfd1 Rfd8 17. Rac1 b6 18. Nxc5 Rxc5 19. Be4 h6 20. Bd3 Be8 21. Qg4+ Kf8 22. Qf4 Kg7 23. b4 Rcd5 24. Qg4+ Rg5 25. Qe4 f5 26. Qe5+ Qf6 27. Qc7 Rd7 28. Qb8 Rd8 29. Rc8 Rxc8 30. Qxc8 Ba4 31. Rc1 f4 32. Rc7 fxg3 33. hxg3 Qd4 34. Kg2 Qd5+ 35. f3 Qd6 36. g4 h5 37. Rd7 Bxd7 38. Qc3+ Qe5 39. Qd2 Bc6 40. Kf2 hxg4 41. f4 Qf6 42. Kg3 Rh5 43. Kxg4 Qh4# 0-1


[Site "https://www.chess.com"]

[Event "Titled Tuesday Blitz March 01 Early 2022"]
[White "Golubev, Mikhail"]
[Black "Samant Aditya S"]
[WhiteFideId "14100983"]
[BlackFideId "35080580"]
[WhiteElo "2374"]
[BlackElo "1916"]
[Result "1-0"]
[Round "06"]
[TimeControl "180+1"]
[Date "2022.03.01"]
[WhiteClock "0:00:28"]
[BlackClock "0:00:02"]

1. e4 c5 2. Nf3 d6 3. d4 cxd4 4. Nxd4 Nf6 5. Nc3 Nc6 6. Bc4 e6 7. Be3 a6 8. Bb3 Qc7 9. Qe2 Na5 10. g4 b5 11. g5 b4 12. gxf6 bxc3 13. fxg7 Bxg7 14. Ba4+ Bd7 15. Bxd7+ Qxd7 16. b3 Nc6 17. O-O-O Rc8 18. Rhg1 Bxd4 19. Bxd4 Nxd4 20. Rxd4 Ke7 21. e5 d5 22. Qe3 Rhg8 23. Rxg8 Rxg8 24. Qxc3 Rc8 25. Qb4+ Kd8 26. Rg4 Kc7 27. Qc5+ Kb7 28. Rb4+ Ka8 29. Qb6 Qc6 30. Qxc6+ Rxc6 31. Rh4 Rc3 32. Rf4 Rh3 33. Rxf7 Rxh2 34. Kd2 Rh3 35. f4 Rf3 36. Ke2 Rc3 37. Kd2 Rf3 38. f5 exf5 39. e6 Rf2+ 40. Kc3 Rf3+ 41. Kd4 Rf4+ 42. Kxd5 Re4 43. e7 Re2 1-0


[Site "https://www.chess.com"]

[Event "Titled Tuesday Blitz March 01 Early 2022"]
[White "Grafil, Franz Robert"]
[Black "Tsyhanchuk, Stanislav"]
[WhiteFideId "5205298"]
[BlackFideId "13505130"]
[WhiteElo "2211"]
[BlackElo "2078"]
[Result "0-1"]
[Round "06"]
[TimeControl "180+1"]
[Date "2022.03.01"]
[WhiteClock "0:00:05"]
[BlackClock "0:00:14"]

1. d4 d5 2. c4 c6 3. Nf3 Nf6 4. e3 e6 5. b3 Nbd7 6. Nbd2 b6 7. Bd3 Bb7 8. O-O Be7 9. Bb2 O-O 10. Ne5 Rc8 11. Qf3 c5 12. Qh3 cxd4 13. exd4 Ne4 14. Nxd7 Qxd7 15. Rad1 f5 16. Nf3 Bf6 17. Ne5 Bxe5 18. dxe5 Qe7 19. Qe3 f4 20. Qd4 f3 21. g3 Qg5 22. Rfe1 Qh6 23. Bc1 Qh3 24. Bf1 Qh5 25. Rxe4 dxe4 26. Qd7 Qf7 27. Bh3 Rc7 28. Qd6 Re7 29. Ba3 Rfe8 30. Kf1 e3 31. fxe3 Qh5 32. Qxe7 Qxh3+ 33. Ke1 Rxe7 34. Bxe7 f2+ 35. Kxf2 Qxh2+ 36. Ke1 Bf3 37. Rd8+ Kf7 38. Bd6 Qe2# 0-1


[Site "https://www.chess.com"]

[Event "Titled Tuesday Blitz March 01 Early 2022"]
[White "Gunina, Valentina"]
[Black "Savchenko, Boris"]
[WhiteFideId "4167570"]
[BlackFideId "4147332"]
[WhiteElo "2695"]
[BlackElo "2849"]
[Result "1/2-1/2"]
[Round "06"]
[TimeControl "180+1"]
[Date "2022.03.01"]
[WhiteClock "0:00:21"]
[BlackClock "0:00:07"]

1. d4 Nf6 2. c4 e6 3. Nf3 b6 4. g3 Bb4+ 5. Bd2 c5 6. Bxb4 cxb4 7. Bg2 Bb7 8. O-O a5 9. a3 Na6 10. Qd3 O-O 11. Nbd2 d6 12. Ne1 d5 13. Nc2 Rc8 14. cxd5 Nxd5 15. e4 Nc3 16. axb4 Ne2+ 17. Kh1 Rxc2 18. Qxc2 Nxb4 19. Qd1 Nxd4 20. Nb3 Nbc2 21. Rc1 Ba6 22. Nxd4 Nxd4 23. Re1 e5 24. f4 Qd6 25. fxe5 Qxe5 26. Qa4 h5 27. Rcd1 Rd8 28. Rd2 h4 29. Red1 Bb5 30. Qa3 h3 31. Bxh3 Qxe4+ 32. Bg2 Qg4 33. Qc3 Rd7 34. Rxd4 Qxd1+ 35. Rxd1 Rxd1+ 36. Bf1 Rxf1+ 37. Kg2 g6 38. h4 Rf5 39. g4 Rc5 40. Qf6 Bc6+ 41. Kg3 Be4 42. Qd8+ Kh7 43. Qxb6 Rd5 44. Qf6 Rd3+ 45. Kh2 Rf3 46. Qe5 Bb1 47. Kg2 Rb3 48. Kf2 Rb7 49. Ke2 a4 50. Kd2 Ba2 51. Qd4 Bb3 52. h5 Re7 53. Qf6 Rd7+ 54. Ke3 Rb7 55. g5 gxh5 56. Qh6+ Kg8 57. g6 Re7+ 58. Kd4 Rd7+ 59. Kc5 Rd5+ 60. Kc6 fxg6 61. Qxg6+ Kh8 62. Qh6+ Kg8 63. Qg6+ Kf8 64. Qf6+ Ke8 65. Qe6+ Kf8 66. Qf6+ Ke8 67. Qe6+ Kf8 68. Qf6+ 1/2-1/2


[Site "https://www.chess.com"]

[Event "Titled Tuesday Blitz March 01 Early 2022"]
[White "Gutenev, Alexander"]
[Black "Babazada, Khazar"]
[WhiteFideId "4195540"]
[BlackFideId "13413554"]
[WhiteElo "2403"]
[BlackElo "2418"]
[Result "0-1"]
[Round "06"]
[TimeControl "180+1"]
[Date "2022.03.01"]
[WhiteClock "0:00:16"]
[BlackClock "0:00:12"]

1. e4 e5 2. Nf3 Nc6 3. Bb5 a6 4. Ba4 Nf6 5. O-O Be7 6. d3 b5 7. Bb3 O-O 8. Nc3 d6 9. a3 Bg4 10. Be3 Nd4 11. Bxd4 exd4 12. Nd5 Nd7 13. h3 Bh5 14. g4 Bg6 15. Nxd4 Bf6 16. Nc6 Qe8 17. Nxc7 Qc8 18. Nxa8 Qxc6 19. Bd5 Qc8 20. c3 h5 21. a4 hxg4 22. Qxg4 Kh7 23. f4 Kh8 24. axb5 axb5 25. Ra2 b4 26. Ra7 Qc5+ 27. d4 Qxa7 28. Kg2 bxc3 29. bxc3 Qa6 30. Qxd7 Qe2+ 31. Kg1 Bxe4 32. Bxe4 Qxe4 33. Nb6 Qe3+ 34. Kg2 Qxc3 35. Qxd6 Rd8 36. Qc5 Qd2+ 37. Kf3 Qd3+ 38. Kg2 Qe4+ 39. Rf3 Rxd4 40. Qc1 Rb4 41. Nd7 Rb2+ 42. Kg3 Qg6# 0-1


[Site "https://www.chess.com"]

[Event "Titled Tuesday Blitz March 01 Early 2022"]
[White "Guz, Ari"]
[Black "Ovezdurdyyeva, Jemal"]
[WhiteFideId "2825759"]
[BlackFideId "14001888"]
[WhiteElo "1913"]
[BlackElo "1946"]
[Result "1-0"]
[Round "06"]
[TimeControl "180+1"]
[Date "2022.03.01"]
[WhiteClock "0:00:17"]
[BlackClock "0:00:02"]

1. Nf3 Nf6 2. b3 g6 3. Bb2 Bg7 4. e3 d5 5. Be2 c5 6. O-O O-O 7. d4 b6 8. dxc5 bxc5 9. c4 Bb7 10. cxd5 Qxd5 11. Qxd5 Bxd5 12. Na3 Nc6 13. Rac1 Nb4 14. Rxc5 Ne4 15. Bxg7 Nxc5 16. Bxf8 Kxf8 17. Rd1 Bb7 18. Rd2 Ne4 19. Rb2 Rc8 20. Nc4 Nd5 21. Nd4 Ndc3 22. Bf3 Ba6 23. h3 Bxc4 24. bxc4 Rxc4 25. Rb8+ Kg7 26. Rb7 e5 27. Ne6+ Kf6 28. Nd8 Nd6 29. Rxa7 e4 30. Bg4 h5 31. Bd7 Ne2+ 32. Kf1 Nc1 33. Ba4 Nd3 34. Bb3 Rc1+ 35. Ke2 Nb5 36. Rxf7+ Kg5 37. Ne6+ Kh6 38. Kd2 Nc3 39. Bc2 Nb1+ 40. Bxb1 Rxb1 41. Rf8 Rb2+ 42. Kc3 Kh7 43. Rf7+ Kg8 44. Rg7+ Kh8 45. Rxg6 Rxa2 46. f3 Ne5 47. Rg5 Nf7 48. Rxh5+ Kg8 49. Ng5 exf3 50. Nxf7 1-0


[Site "https://www.chess.com"]

[Event "Titled Tuesday Blitz March 01 Early 2022"]
[White "Hamley, Ryan"]
[Black "Panesar Vedant"]
[WhiteFideId "30959497"]
[BlackFideId "35033018"]
[WhiteElo "2556"]
[BlackElo "1971"]
[Result "1-0"]
[Round "06"]
[TimeControl "180+1"]
[Date "2022.03.01"]
[WhiteClock "0:00:35"]
[BlackClock "0:00:13"]

1. d4 Nf6 2. Nf3 d5 3. Bf4 e6 4. e3 Bd6 5. Bg3 O-O 6. Nbd2 c5 7. c3 Qc7 8. Ne5 Nc6 9. f4 Ne7 10. Bd3 b6 11. O-O Bb7 12. Qe2 Nf5 13. Bf2 Be7 14. Rac1 Nd6 15. Bh4 a5 16. c4 Rac8 17. cxd5 exd5 18. Kh1 c4 19. Bb1 b5 20. g4 Rfe8 21. g5 Nfe4 22. Nxe4 dxe4 23. f5 Bf8 24. g6 h6 25. f6 Bd5 26. Rg1 fxg6 27. Rxg6 Nf5 28. Qf2 Rxe5 29. dxe5 Qxe5 30. Rcg1 Nxh4 31. Qxh4 Rc7 32. fxg7 Rxg7 33. Qxh6 Qxb2 34. Qg5 Bf7 35. Rxg7+ Bxg7 36. Qd8+ Kh7 37. Bxe4+ Kh6 38. Qh4+ 1-0


[Site "https://www.chess.com"]

[Event "Titled Tuesday Blitz March 01 Early 2022"]
[White "Hess, Robert"]
[Black "Sadhwani, Raunak"]
[WhiteFideId "2022036"]
[BlackFideId "35093487"]
[WhiteElo "2838"]
[BlackElo "2990"]
[Result "0-1"]
[Round "06"]
[TimeControl "180+1"]
[Date "2022.03.01"]
[WhiteClock "0:00:06"]
[BlackClock "0:00:10"]

1. d4 Nf6 2. c4 g6 3. Nc3 Bg7 4. e4 d6 5. Be3 Ng4 6. Bc1 e5 7. dxe5 Nxe5 8. f4 Ng4 9. Be2 Nf6 10. Bf3 O-O 11. Nge2 Bg4 12. O-O Nc6 13. Ng3 h5 14. Be3 Re8 15. Re1 Bxf3 16. Qxf3 Ng4 17. Rad1 Nxe3 18. Qxe3 h4 19. Nf1 Qd7 20. h3 Re6 21. Qf2 Rae8 22. e5 Qc8 23. Ne4 dxe5 24. Ng5 R6e7 25. Qxh4 exf4 26. Rxe7 Rxe7 27. Qxf4 Qe8 28. b3 Rd7 29. Rxd7 Qxd7 30. Ne3 Bd4 31. Kf1 Be5 32. Qe4 Qd2 33. Nf3 Qc1+ 34. Kf2 Qb2+ 35. Qc2 Qa1 36. Nd5 Kg7 37. Nxe5 Qxe5 38. Qc3 Nd4 39. Qe3 Qf5+ 40. Kg1 c5 41. Kh2 Ne6 42. Qc3+ Nd4 43. Qe3 g5 44. Qg3 Ne6 45. Qc3+ Kh7 46. Qf6 Qxf6 47. Nxf6+ Kg6 48. Ne4 f5 49. Nd6 Nd8 50. Kg3 Kf6 51. Kf3 Ke5 52. Nb5 a6 53. Nc3 Ne6 54. Ke3 Nd4 55. g3 b5 56. cxb5 axb5 57. h4 f4+ 58. gxf4+ gxf4+ 59. Kf2 b4 60. Na4 Ne6 61. h5 Kf5 62. Kf3 Nd4+ 63. Kf2 Ne6 64. Kf3 Kg5 65. Ke4 Kxh5 66. Nb2 Kg4 67. Nd3 Kg3 68. Kd5 Nc7+ 69. Kxc5 f3 70. Kxb4 Ne6 71. a4 Nf4 72. Nc5 Nd5+ 73. Kc4 Nf6 74. Nd3 Ng4 75. b4 Ne5+ 76. Nxe5 f2 77. b5 f1=Q+ 78. Nd3 Kf3 79. Kd4 Qa1+ 80. Kc5 Qc3+ 81. Kb6 Qxd3 82. a5 Qd6+ 83. Ka7 Qc7+ 84. Ka6 Qb8 85. b6 Ke4 86. Kb5 Kd5 87. a6 Qe8+ 88. Ka5 Kc6 89. b7 Kc7 0-1


[Site "https://www.chess.com"]

[Event "Titled Tuesday Blitz March 01 Early 2022"]
[White "Horak, Martin"]
[Black "Karttunen, Mika"]
[WhiteFideId "367095"]
[BlackFideId "502081"]
[WhiteElo "1997"]
[BlackElo "2343"]
[Result "0-1"]
[Round "06"]
[TimeControl "180+1"]
[Date "2022.03.01"]
[WhiteClock "0:00:07"]
[BlackClock "0:00:16"]

1. e4 c5 2. Nf3 d6 3. d4 cxd4 4. Nxd4 Nf6 5. Nc3 a6 6. f4 e5 7. Nf3 Nbd7 8. a4 b6 9. Bd3 Bb7 10. O-O Be7 11. Qe2 O-O 12. Bd2 Qc7 13. Rae1 Rfe8 14. Qf2 Nc5 15. Kh1 Bf8 16. fxe5 dxe5 17. Bg5 Nxd3 18. cxd3 Nd7 19. Nh4 Nc5 20. Qg3 Qd7 21. Rf3 Ne6 22. Ref1 Nxg5 23. Qxg5 Re6 24. h3 Rae8 25. Nf5 Rg6 26. Qd2 Bb4 27. Qf2 Bc5 28. Qe2 Bc6 29. Ne3 Rf8 30. Ned5 b5 31. axb5 axb5 32. b4 Bd4 33. Qa2 Bxc3 34. Nxc3 h6 35. Qa5 Rd6 36. Nd5 Bxd5 37. exd5 Rxd5 38. Qa2 Rxd3 39. Qe2 Rxf3 40. Rxf3 Qd5 41. Re3 f6 42. Rd3 Qc4 43. Qd2 e4 44. Rd7 Qe6 45. Rd6 Qe5 46. Qa2+ Kh8 47. Rd7 e3 48. Qa7 e2 49. Rxg7 e1=Q+ 50. Qg1 Qxg1+ 51. Kxg1 Kxg7 0-1


[Site "https://www.chess.com"]

[Event "Titled Tuesday Blitz March 01 Early 2022"]
[White "Indjic, Aleksandar"]
[Black "Gabrielian, Artur"]
[WhiteFideId "911925"]
[BlackFideId "4131002"]
[WhiteElo "2616"]
[BlackElo "2440"]
[Result "1-0"]
[Round "06"]
[TimeControl "180+1"]
[Date "2022.03.01"]
[WhiteClock "0:01:55"]
[BlackClock "0:01:07"]

1. e4 c5 2. f4 d5 3. Bb5+ Bd7 4. Bxd7+ Qxd7 5. d3 Nc6 6. Nf3 O-O-O 7. Qe2 dxe4 8. dxe4 e5 9. c3 exf4 10. Bxf4 Nf6 11. Nbd2 Bd6 12. Bxd6 Qxd6 13. e5 Qd5 14. O-O-O Ng4 15. Nc4 Qe6 16. h3 Nf2 17. Nd6+ Rxd6 18. Rxd6 Qxa2 19. Qxf2 Qa1+ 20. Kc2 Qxh1 21. Rd1 1-0


[Site "https://www.chess.com"]

[Event "Titled Tuesday Blitz March 01 Early 2022"]
[White "Jaferian, Koosha"]
[Black "Kamsky, Gata"]
[WhiteFideId "12507440"]
[BlackFideId "2000024"]
[WhiteElo "2027"]
[BlackElo "2645"]
[Result "1-0"]
[Round "06"]
[TimeControl "180+1"]
[Date "2022.03.01"]
[WhiteClock "0:00:14"]
[BlackClock "0:00:04"]

1. Nf3 Nf6 2. b3 d5 3. Bb2 Bf5 4. g3 e6 5. Bg2 h6 6. d3 Nbd7 7. O-O Bh7 8. Nbd2 Bc5 9. e3 O-O 10. Qe2 a5 11. a4 c6 12. Ne1 e5 13. e4 Re8 14. h3 Bb4 15. Nef3 Qc7 16. Kh2 b5 17. Rfd1 d4 18. Nh4 Nc5 19. Qf3 Bc3 20. Bxc3 dxc3 21. Nf1 Ne6 22. Rdc1 Nd4 23. Qd1 b4 24. Ne3 Rad8 25. Qf1 Nd7 26. Re1 Nc5 27. Rac1 Kh8 28. Nhf5 h5 29. Nxd4 Rxd4 30. Nc4 Ne6 31. Qe2 h4 32. Qe3 f6 33. Rf1 Rdd8 34. Bf3 Ra8 35. Bg4 Nd4 36. Bd1 g5 37. Bg4 Rad8 38. Bd1 Rf8 39. Bg4 Rf7 40. Rg1 Rg7 41. gxh4 gxh4 42. Rg2 Rdg8 43. f3 Rg5 44. Qf2 Qg7 45. Rcg1 Qh6 46. Ne3 R5g7 47. Nc4 Qf4+ 48. Kh1 Qh6 49. Nd6 Rd8 50. Nc4 Rdg8 51. Nxa5 f5 52. exf5 Bxf5 53. Nc4 Bxg4 54. fxg4 Qg5 55. Ne3 Rg6 56. Rf1 Kh7 57. Nf5 Nxf5 58. Qxf5 Qxf5 59. Rxf5 Rg5 60. Rgf2 Rxf5 61. Rxf5 Re8 62. Kg2 e4 63. dxe4 Rxe4 64. Kf2 Rd4 65. Re5 Rd2+ 66. Re2 Rd1 67. Ke3 Kg6 68. a5 c5 69. a6 Ra1 70. Kd3 Rxa6 71. Kc4 Ra5 72. Re5 Ra2 73. Rxc5 Rxc2 74. Kxb4 Rg2 75. Rxc3 Kg5 76. Kc4 Rb2 77. b4 Kf4 78. b5 Rb1 79. Rb3 Rc1+ 80. Kd5 Rg1 81. b6 Rg3 82. Rxg3 hxg3 83. b7 g2 84. b8=Q+ 1-0


[Site "https://www.chess.com"]

[Event "Titled Tuesday Blitz March 01 Early 2022"]
[White "Jakubowska, Anna"]
[Black "Martin Duque, Jesus"]
[WhiteFideId "1121952"]
[BlackFideId "2208954"]
[WhiteElo "1924"]
[BlackElo "2243"]
[Result "0-1"]
[Round "06"]
[TimeControl "180+1"]
[Date "2022.03.01"]
[WhiteClock "0:01:15"]
[BlackClock "0:01:34"]

1. e4 d5 2. exd5 Qxd5 3. Nc3 Qd6 4. Bc4 Nf6 5. d3 a6 6. Nge2 g6 7. Bf4 Qd8 8. O-O Bg7 9. Qd2 b5 10. Bb3 Bb7 11. Bh6 O-O 12. Bxg7 Kxg7 13. Ng3 Nbd7 14. a3 Nc5 15. Ba2 e6 16. Rae1 Qd4 17. Kh1 h5 18. f4 h4 19. Nge2 Qd6 20. Qe3 h3 21. Qxh3 Rh8 22. Qg3 Nh5 23. Qg4 f5 24. Qg5 Nf6 25. Ng3 Rae8 26. b4 Ng4 27. h3 Rxh3+ 0-1


[Site "https://www.chess.com"]

[Event "Titled Tuesday Blitz March 01 Early 2022"]
[White "Janaszak, Dawid"]
[Black "Gadimbayli, Abdulla"]
[WhiteFideId "1119206"]
[BlackFideId "13404938"]
[WhiteElo "2199"]
[BlackElo "2282"]
[Result "0-1"]
[Round "06"]
[TimeControl "180+1"]
[Date "2022.03.01"]
[WhiteClock "0:00:02"]
[BlackClock "0:00:11"]

1. e4 e5 2. Nf3 d5 3. Nxe5 Bd6 4. d4 dxe4 5. Bc4 Bxe5 6. Qh5 Qe7 7. Qxe5 Qxe5 8. dxe5 Nc6 9. Bf4 Nge7 10. Nc3 Bf5 11. Nd5 Nxd5 12. Bxd5 Nd4 13. Rc1 O-O-O 14. Bxf7 Rhf8 15. e6 Nxe6 16. Bxe6+ Bxe6 17. Bg3 Rf5 18. O-O Rd2 19. Rfe1 Rc5 20. Rxe4 Rcxc2 21. Rce1 Bd7 22. Re7 Rxb2 23. Rxg7 b6 24. Rxh7 Rxa2 25. h4 Re2 26. Rd1 Rad2 27. Rc1 Rc2 28. Rd1 Rcd2 29. Rc1 c5 30. h5 Re8 31. h6 Rde2 32. Rg7 R2e7 33. Rd1 Rxg7 34. hxg7 a5 35. Bd6 Be6 36. Re1 Kd7 37. Bf8 Bg8 38. Rb1 Kc6 39. f4 a4 40. f5 a3 41. g4 a2 42. Ra1 b5 43. g5 b4 44. g6 b3 45. Bxc5 b2 0-1


[Site "https://www.chess.com"]

[Event "Titled Tuesday Blitz March 01 Early 2022"]
[White "Jary, Sergey"]
[Black "Durarbayli, Vasif"]
[WhiteFideId "14110350"]
[BlackFideId "13402935"]
[WhiteElo "2260"]
[BlackElo "2528"]
[Result "1-0"]
[Round "06"]
[TimeControl "180+1"]
[Date "2022.03.01"]
[WhiteClock "0:00:22"]
[BlackClock "0:00:13"]

1. e4 c5 2. Nf3 e6 3. c4 Nc6 4. d4 cxd4 5. Nxd4 Nf6 6. Nc3 Bb4 7. Nxc6 bxc6 8. Bd3 e5 9. Be3 O-O 10. O-O d6 11. Qb3 Ba5 12. h3 Bf5 13. exf5 Rb8 14. Qc2 d5 15. Bc5 Re8 16. Rad1 Rb7 17. b4 Bxb4 18. Bxb4 Rxb4 19. cxd5 cxd5 20. a3 Rh4 21. Be2 Qc8 22. Qb3 d4 23. Nd5 Qxf5 24. Nxf6+ gxf6 25. Bc4 Qg6 26. Rd3 Rh5 27. Rg3 Rg5 28. Rxg5 fxg5 29. Re1 Kg7 30. Qb7 d3 31. Qd7 Rb8 32. Bxd3 Qf6 33. Qf5 Qxf5 34. Bxf5 Rb3 35. Rxe5 Rxa3 36. Rc5 h5 37. g3 a5 38. Kg2 Kf6 39. g4 hxg4 40. hxg4 Ra1 41. Rc6+ Ke5 42. Rc7 f6 43. Rc6 a4 44. Re6+ Kd4 45. Rxf6 a3 46. Ra6 Kc3 47. Kf3 Kb2 48. Rb6+ Kc3 49. Be6 Re1 50. Rb3+ Kc2 51. Rxa3 Rxe6 52. Ra5 Rg6 53. Ke4 Rg8 54. Kf5 Kd3 55. Re5 Kd4 56. Re6 Kd5 57. Rg6 Rf8+ 58. Rf6 Rg8 59. f4 gxf4 60. Kxf4 Re8 61. g5 Re1 62. Kf5 Rg1 63. Kg6 Ke5 64. Rf2 Ke6 65. Re2+ Kd7 66. Kf6 Rf1+ 67. Kg7 Rg1 68. g6 Kd6 69. Kf7 Rf1+ 70. Kg8 Rg1 71. g7 Rf1 72. Rh2 1-0


[Site "https://www.chess.com"]

[Event "Titled Tuesday Blitz March 01 Early 2022"]
[White "Jaskolka, Tomasz"]
[Black "P., Komal Kishore"]
[WhiteFideId "1170791"]
[BlackFideId "5016703"]
[WhiteElo "2054"]
[BlackElo "2084"]
[Result "1-0"]
[Round "06"]
[TimeControl "180+1"]
[Date "2022.03.01"]
[WhiteClock "0:00:18"]
[BlackClock "0:00:01"]

1. d4 c6 2. e4 d5 3. e5 Bf5 4. h4 h5 5. c4 e6 6. Nc3 Nh6 7. Nf3 Be7 8. Be2 Nd7 9. cxd5 cxd5 10. Bg5 a6 11. Rc1 Bg4 12. Qd2 Nf5 13. g3 b5 14. a3 Rc8 15. O-O O-O 16. Kg2 Qb6 17. Bxe7 Nxe7 18. Ng5 Bxe2 19. Nxe2 Nf5 20. Rc3 Rc4 21. Rxc4 bxc4 22. Rb1 Rb8 23. f3 Rb7 24. Qf4 Nb8 25. Kh3 Nc6 26. g4 hxg4+ 27. fxg4 Nfxd4 28. Ng3 Qb3 29. Re1 Qd3 30. Re3 Qd2 31. h5 Nc2 32. Rf3 Qxf4 33. Rxf4 Nxe5 34. Rf2 Nd4 35. Rd2 Ndf3 36. Nxf3 Nxf3 37. Rf2 Ng5+ 38. Kh4 f6 39. h6 Rb3 40. hxg7 Rxg3 41. Rxf6 Ne4 42. Rxe6 Rg1 43. Kh5 Kxg7 44. Re7+ Kf6 45. Ra7 Ke5 46. Rxa6 1-0


[Site "https://www.chess.com"]

[Event "Titled Tuesday Blitz March 01 Early 2022"]
[White "Jones, Gawain C B"]
[Black "Timofeev, Artyom"]
[WhiteFideId "409561"]
[BlackFideId "4140419"]
[WhiteElo "2900"]
[BlackElo "2842"]
[Result "0-1"]
[Round "06"]
[TimeControl "180+1"]
[Date "2022.03.01"]
[WhiteClock "0:00:04"]
[BlackClock "0:00:06"]

1. Nf3 c5 2. g3 g6 3. Bg2 Bg7 4. O-O Nc6 5. c4 e6 6. Nc3 Nge7 7. e3 O-O 8. d4 cxd4 9. exd4 d5 10. cxd5 Nxd5 11. Bg5 Qb6 12. Na4 Qa5 13. a3 b6 14. Rc1 Bd7 15. Nc3 Nxc3 16. Rxc3 Rac8 17. Qd2 Rfe8 18. Rfc1 Qa4 19. d5 exd5 20. Qxd5 Be6 21. Qd2 Bxc3 22. Rxc3 Qa5 23. h4 Ne7 24. Bxe7 Rxc3 25. bxc3 Qd5 26. Bf6 Qxd2 27. Nxd2 Bf5 28. Bf1 Re6 29. Bd4 h5 30. f3 Re1 31. Kf2 Ra1 32. Nc4 Be6 33. Nd6 Rxa3 34. Ke3 Ra1 35. Bd3 Kf8 36. Kf4 Ke7 37. Ne4 Ra3 38. Bb5 Rb3 39. Bf6+ Kf8 40. Bc6 a5 41. Be5 b5 42. Bd6+ Kg7 43. Nc5 Rb1 44. Be5+ Kf8 45. Bd6+ Kg8 46. Nxe6 fxe6 47. Ke5 Kf7 48. Be4 Rb2 49. Bc7 a4 50. Bd6 Rb3 51. Kd4 a3 52. Bc2 a2 53. Bxb3 a1=Q 54. Bc2 Qg1+ 55. Ke4 Qe1+ 56. Kd3 Qf2 57. Bd1 Qb6 58. Be5 Qc6 59. Bd4 Qc4+ 60. Ke3 Qc6 61. Bc2 Qc7 62. Be4 Qxg3 63. Bc6 Qxh4 64. Bxb5 Qg5+ 0-1


[Site "https://www.chess.com"]

[Event "Titled Tuesday Blitz March 01 Early 2022"]
[White "Jumabayev, Rinat"]
[Black "Agibileg, Uurtsaikh"]
[WhiteFideId "13702661"]
[BlackFideId "4901606"]
[WhiteElo "2561"]
[BlackElo "2205"]
[Result "1-0"]
[Round "06"]
[TimeControl "180+1"]
[Date "2022.03.01"]
[WhiteClock "0:00:16"]
[BlackClock "0:00:06"]

1. d4 Nf6 2. c4 g6 3. Nc3 Bg7 4. e4 d6 5. f3 O-O 6. Be3 a6 7. Qd2 Nbd7 8. Nge2 b5 9. cxb5 axb5 10. Nxb5 c6 11. Nbc3 e5 12. dxe5 Nxe5 13. Nd4 Ba6 14. Bxa6 Rxa6 15. b3 Qa5 16. O-O Nfd7 17. Rac1 Nc5 18. Rc2 f5 19. exf5 gxf5 20. Nce2 Qxd2 21. Bxd2 Ned3 22. b4 Nd7 23. Nxc6 Re8 24. Ned4 Nb8 25. b5 Ra4 26. Nxf5 Bf6 27. g3 Nd7 28. Nxd6 Re2 29. Ne4 Bg7 30. Ne7+ Kf7 31. Nf5 Bh8 32. Rc7 Ke6 33. g4 Raxe4 34. fxe4 Rxd2 35. b6 Be5 36. Rc6+ Kf7 37. Nd4+ Ke8 38. Nf3 Bb2 39. Nxd2 Ke7 40. b7 Nb8 41. Rc8 Bd4+ 42. Kg2 Be5 43. Nc4 Nf4+ 44. Rxf4 Bxf4 45. e5 Nd7 46. b8=Q Nxb8 47. Rxb8 Ke6 48. Rb5 Bg5 49. h3 Be7 50. Kf3 h6 51. Ke4 1-0


[Site "https://www.chess.com"]

[Event "Titled Tuesday Blitz March 01 Early 2022"]
[White "Kadam, Om Manish"]
[Black "Shukhman, Anna"]
[WhiteFideId "45076294"]
[BlackFideId "54180058"]
[WhiteElo "1729"]
[BlackElo "1628"]
[Result "0-1"]
[Round "06"]
[TimeControl "180+1"]
[Date "2022.03.01"]
[WhiteClock "0:00:20"]
[BlackClock "0:01:15"]

1. e4 c5 2. Nf3 e6 3. d4 cxd4 4. Nxd4 Nf6 5. Nc3 Nc6 6. Be3 d5 7. Bd3 e5 8. Nxc6 bxc6 9. Bg5 d4 10. Ne2 Bb4+ 11. Bd2 Bxd2+ 12. Qxd2 O-O 13. O-O a5 14. f4 Ng4 15. Rf3 c5 16. b3 a4 17. Raf1 axb3 18. axb3 Ne3 19. Rxe3 dxe3 20. Qxe3 exf4 21. Qxc5 Ba6 22. Nxf4 Rc8 23. Qb4 Bxd3 24. cxd3 Rc2 25. Nd5 h6 26. Ne7+ Kh7 27. Nd5 Qg5 28. Nf4 Rfc8 29. Qb7 Rc1 30. Ne2 Qe3+ 0-1


[Site "https://www.chess.com"]

[Event "Titled Tuesday Blitz March 01 Early 2022"]
[White "Kalajzic, Ivan"]
[Black "Fus, Jakub"]
[WhiteFideId "14506378"]
[BlackFideId "1193023"]
[WhiteElo "2163"]
[BlackElo "2111"]
[Result "1-0"]
[Round "06"]
[TimeControl "180+1"]
[Date "2022.03.01"]
[WhiteClock "0:01:57"]
[BlackClock "0:01:45"]

1. d4 d5 2. Nc3 e6 3. Nf3 Bb4 4. Qd3 Nf6 5. Bg5 O-O 6. a3 Bxc3+ 7. Qxc3 Nbd7 8. e3 b6 9. Bd3 Bb7 10. O-O h6 11. Bh4 c5 12. Ne5 Rc8 13. Nxd7 Qxd7 14. Bxf6 gxf6 15. dxc5 e5 16. b4 bxc5 17. bxc5 Qg4 18. f3 Qg5 19. f4 Qxg2+ 20. Kxg2 d4+ 21. c6 Bxc6+ 22. Qxc6 Rxc6 23. exd4 exd4 24. Kf3 Rfc8 25. Rab1 1-0


[Site "https://www.chess.com"]

[Event "Titled Tuesday Blitz March 01 Early 2022"]
[White "Kanyamarala, Tarun"]
[Black "Viani Antonio Dcunha"]
[WhiteFideId "45004714"]
[BlackFideId "5027330"]
[WhiteElo "2144"]
[BlackElo "2366"]
[Result "1-0"]
[Round "06"]
[TimeControl "180+1"]
[Date "2022.03.01"]
[WhiteClock "0:00:05"]
[BlackClock "0:00:10"]

1. d4 Nf6 2. c4 g6 3. Nc3 Bg7 4. e4 O-O 5. Nf3 d6 6. Be2 e5 7. d5 a5 8. Bg5 Na6 9. Nd2 Nc5 10. g4 c6 11. h4 cxd5 12. cxd5 Bd7 13. h5 b5 14. h6 Bh8 15. Nxb5 Qb6 16. a4 Nxg4 17. Nc4 Qb8 18. Bxg4 Bxb5 19. axb5 Qxb5 20. Qe2 f5 21. exf5 e4 22. fxg6 Nd3+ 23. Kf1 Rxf2+ 24. Qxf2 Nxf2 25. Be6+ Kf8 26. g7+ Bxg7 27. hxg7+ Kxg7 28. Bh6+ Kf6 29. Kxf2 Qxc4 30. Raf1 Qd3 31. Kg2+ Ke7 32. Rf7+ Ke8 33. Bf4 Qf3+ 34. Kg1 Rc8 35. Bh3 Rc1+ 36. Bxc1 Qxf7 37. Bg2 e3 38. Bxe3 Qe7 39. Bf2 Qf7 40. Rh3 Qg6 41. Re3+ Kd8 42. Re6 Qb1+ 43. Kh2 Qxb2 44. Rxd6+ Ke7 45. Bg3 Qc3 46. Re6+ Kd7 47. Bh3 Qd2+ 48. Re2+ 1-0


[Site "https://www.chess.com"]